 Dungeon Sprint DCSS version 0.27.1-1-g398f81649c (webtiles) character file.

Game seed: 10891410074167800058

140 styxcanada the Covert (level 5, -13/28 HPs)
             Began as a Spriggan Brigand on Sept 16, 2021.
             Was an Initiate of Gozag.
             Killed from afar by an oklob sapling wizard (17 damage)
             ... with a splash of acid
             ... in the Dungeon (Sprint IV: "Fedhas' Mad Dash").
             The game lasted 00:01:44 (105 turns).

styxcanada the Covert (Spriggan Brigand)             Turns: 105, Time: 00:01:45

Health: -13/28     AC: -1    Str:  7    XL:     5   Next: 2%
Magic:  3/6        EV: 19    Int: 13    God:    Gozag
Gold:   139        SH:  0    Dex: 17    Spells: 4/4 levels left

rFire    . . .     SeeInvis +   a - +2 dagger
rCold    . . .     Faith    .   (shield restricted)
rNeg     . . .     Spirit   .   b - +0 robe
rPois    .         Reflect  .   (helmet restricted)
rElec    .         Harm     .   c - +0 cloak
rCorr    .         Rampage  .   (gloves unavailable)
Will     .....     NoTele   +   (boots unavailable)
Stlth    +++++.....             l - amulet of invisibility {+Inv}
HPRegen  0.09/turn              (no ring)
MPRegen  0.10/turn              (no ring)

@: corroded, very slightly contaminated, invisible, very quick
A: very small, no large weapons, unfitting armour, see invisible, speed 3
a: Renounce Religion, Evoke Invisibility, Potion Petition, Call Merchant, Bribe
Branch


You were in the Dungeon.
You worshipped Gozag.
Gozag was aware of your devotion.
You visited 1 branch You collected 139 gold pieces.

Inventory:

Hand Weapons
 a - a +2 dagger (weapon)
Missiles
 d - 6 poisoned darts (quivered)
 e - 2 curare-tipped darts
Armour
 b - a +0 robe (worn)
 c - a +0 cloak (worn)
Jewellery
 l - the amulet of invisibility (around neck) {+Inv}
   (You found it in the Dungeon)

   [amulet of nothing]

   +Inv:      It lets you turn invisible.
Scrolls
 k - a scroll of blinking
Potions
 f - a potion of curing
 g - a potion of heal wounds
 h - a potion of haste
 i - 2 potions of magic
 j - a potion of berserk rage


   Skills:
 * Level 3.1 Fighting
 + Level 3.2 Short Blades
 + Level 3.1 Throwing
 * Level 4.4 Dodging
 * Level 13.2 Stealth
 + Level 0.7 Evocations


You had 4 spell levels left.
You didn't know any spells.
Your spell library was empty.

Dungeon Overview and Level Annotations

Branches:
Dungeon (1/1)

Altars:
Cheibriados
Dithmenos
Elyvilon
Gozag
Hepliaklqana
Kikubaaqudgha
Makhleb
Nemelex Xobeh
Okawaru
Qazlal
Ru
Sif Muna
Trog
Uskayaw
Vehumet
Wu Jian
Xom
Yredelemnul
Zin
The Shining One
Beogh
Jiyva
Lugonu

Annotations:
D exclusion: oklob sapling


Innate Abilities, Weirdness & Mutations

You are very small and have problems with some larger weapons.
You are too small for most types of armour.
You have supernaturally acute eyesight. (SInv)
You cover ground extremely quickly. (Speed+++)


Message History

You feel clever.
You now have 139 gold pieces (gained 63).
You flicker for a moment.
There is an iron altar of Okawaru here.
There is a stormy altar of Qazlal here.
You open the door.
An oklob sapling wizard comes into view.
Marking area around an oklob sapling as unsafe for travelling.
Found a dagger and a cloak.
There is an open door here.
You flicker back into view.
You hit the oklob sapling wizard but do no damage.
You hit the oklob sapling wizard but do no damage.
The oklob sapling wizard stares at you and mumbles some strange words.
The magic dart hits you.
You hit the oklob sapling wizard but do no damage.
You hit the oklob sapling wizard.
The oklob sapling wizard is lightly damaged.
You hit the oklob sapling wizard but do no damage.
The oklob sapling wizard is lightly damaged.
You hit the oklob sapling wizard but do no damage.
The oklob sapling wizard is lightly damaged.
The oklob sapling wizard spits acid at you.
The splash of acid hits you! The acid corrodes you!
You are splashed with acid!
* * * LOW HITPOINT WARNING * * *
You hit the oklob sapling wizard but do no damage.
The oklob sapling wizard is lightly damaged.
You fade into invisibility!
The oklob sapling wizard spits acid at something.
You hit the oklob sapling wizard but do no damage.
The oklob sapling wizard is lightly damaged.
The oklob sapling wizard spits acid at you.
The splash of acid misses you.
You hit the oklob sapling wizard but do no damage.
The oklob sapling wizard is lightly damaged.
The oklob sapling wizard spits acid at you.
The splash of acid hits you!
Ouch! That really hurt!
You die...
Your body crumbles into a pile of gold.

###################
.#.⌠._._._._.⌠.#@)+$
.'.._._._._._..'.P#$
$
.#..._._._._...#..#
$ $$
##.._._._._._..#.[#
$ #._._._._._.⌠.####
$############### $ $
$ $


You could see an oklob sapling wizard.

Vanquished Creatures
  A scorpion (D)
  2 oklob saplings (D)
  A river rat (D)
  A rat (D)
5 creatures vanquished.

Vanquished Creatures (others)
  A fungus (D)
1 creature vanquished.

Grand Total: 6 creatures vanquished

Notes
Turn   | Place    | Note
-------+----------+-------------------------------------------
     0 | D        | styxcanada the Spriggan Brigand began the quest for the
                  | Orb.
     0 | D        | Reached XP level 1. HP: 10/10 MP: 2/2
    18 | D        | Reached skill level 7 in Stealth
    18 | D        | Reached XP level 2. HP: 15/15 MP: 3/3
    27 | D        | Reached skill level 8 in Stealth
    42 | D        | Noticed an oklob sapling
    44 | D        | Killed an oklob sapling
    45 | D        | Reached skill level 9 in Stealth
    45 | D        | Reached XP level 3. HP: 18/18 MP: 4/4
    46 | D        | Noticed a scorpion
    46 | D        | Found the amulet of invisibility {+Inv}
    48 | D        | Killed a scorpion
    49 | D        | Reached skill level 11 in Stealth
    49 | D        | Reached XP level 4. HP: 23/23 MP: 5/5
    72 | D        | Found an opulent altar of Gozag.
    72 | D        | Found a hazy altar of Hepliaklqana.
    72 | D        | Found a burning altar of Makhleb.
    72 | D        | Found a sparkling altar of Nemelex Xobeh.
    72 | D        | Found a snail-covered altar of Cheibriados.
    72 | D        | Found a sacrificial altar of Ru.
    72 | D        | Found a shimmering blue altar of Sif Muna.
    72 | D        | Found a shimmering altar of Xom.
    72 | D        | Found a basalt altar of Yredelemnul.
    73 | D        | Found a viscous altar of Jiyva.
    73 | D        | Found a bloodstained altar of Trog.
    73 | D        | Found an ornate altar of the Wu Jian Council.
    74 | D        | Found an iron altar of Okawaru.
    74 | D        | Found a shadowy altar of Dithmenos.
    74 | D        | Found a glowing silver altar of Zin.
    75 | D        | Found an ancient bone altar of Kikubaaqudgha.
    75 | D        | Found a hide-covered altar of Uskayaw.
    76 | D        | Found a stormy altar of Qazlal.
    76 | D        | Found a white marble altar of Elyvilon.
    76 | D        | Found a glowing golden altar of the Shining One.
    77 | D        | Became a worshipper of Gozag Ym Sagoz the Greedy
    78 | D        | Found a corrupted altar of Lugonu.
    78 | D        | Found a radiant altar of Vehumet.
    82 | D        | Reached skill level 13 in Stealth
    82 | D        | Reached XP level 5. HP: 28/28 MP: 3/6
   105 | D        | Killed from afar by an oklob sapling wizard

Illustrated notes

Levels and vault maps discovered:
D:        dungeon_sprint_fedhas [sprint_temple]

Skill      XL: |  1  2  3  4 |
---------------+-------------+-----
Dodging        | 2 3 4 |  4.4
Stealth        | 7 9 11 13 | 13.2
Fighting       | 2 3 |  3.1
Short Blades   | 3 |  3.2
Throwing       | 3 |  3.1
Evocations     | |  0.7

Action                   |  1- 3 |  4- 6 || total
-------------------------+-------+-------++-------
Melee: Dagger            |     3 |    10 ||    13
Throw: Dart              |     7 |       ||     7
 Abil: Evoke Invisibilit |       |     2 ||     2
 Stab: Sleeping          |     2 |     1 ||     3
Dodge: Dodged            |     3 |     1 ||     4
